 Dungeon Sprint DCSS version 0.30-a0-802-gb92711bcdf (webtiles) character file.

Game seed: 4828591005977926721

6100000 BigDaddyOpFi the Intangible (level 27, -24/228 HPs)
             Began as a Djinni Warper on Feb 23, 2023.
             Was the Champion of Makhleb.
             Annihilated by a meat berserker
             ... wielding a +9 battleaxe
              (66 damage)
             ... in the Dungeon (Sprint VIII: "Arena of Blood").
             The game lasted 00:01:52 (61 turns).

BigDaddyOpFi the Intangible (Djinni Warper)           Turns: 61, Time: 00:01:52

Health: -24/228    AC:  6    Str: 10    XL:     27
Gold:   0          EV: 37    Int: 16    God:    Makhleb [******] SH:  0 Dex: 26

rFire   + + .      SeeInvis .    h - +∞ Axe of Woe
rCold   x . .      Faith    .    (shield currently unavailable)
rNeg    . . .      Spirit   .    a - +0 leather armour
rPois   ∞          Reflect  .    (no helmet)
rElec   .          Harm     .    (no cloak)
rCorr   .          Rampage  .    (no gloves)
Will    ++...      NoTele   +    (boots unavailable)
Stlth   ++++++++++               (no amulet)
HPRegen 0.58/turn                (no ring)
MPRegen 0.00/turn                (no ring)

@: flying
A: sickness immunity, fire resistance 2, cold vulnerability 1, float, innate
caster, HP casting, extra vitality 1
a: Renounce Religion, Minor Destruction, Lesser Servant of Makhleb, Major
Destruction, Greater Servant of Makhleb


You were in the Dungeon.
You worshipped Makhleb.
Makhleb was exalted by your worship.
You visited 1 branch

Inventory:

Hand Weapons
 h - the +∞ Axe of Woe (weapon)
   (You found it in the Dungeon)
Missiles
 c - 7 boomerangs of dispersal (quivered)
Armour
 a - a +0 leather armour (worn)
Scrolls
 b - 2 scrolls of blinking
Potions
 d - a potion of curing
 e - a potion of heal wounds
 f - a potion of haste
 g - a potion of berserk rage


   Skills:
 O Level 27 Fighting
 O Level 27 Short Blades
 O Level 27 Long Blades
 O Level 27 Axes
 O Level 27 Maces & Flails
 O Level 27 Polearms
 O Level 27 Staves
 O Level 27 Ranged Weapons
 O Level 27 Throwing
 O Level 27 Armour
 O Level 27 Dodging
 O Level 27 Stealth
 O Level 27 Shields
 O Level 27 Unarmed Combat
 O Level 27 Spellcasting
 O Level 27 Invocations
 O Level 27 Evocations


You knew the following spells:

 Your Spells              Type           Power      Damage    Failure   Level
a - Blink                 Tloc           100%       N/A       0%          2
b - Lesser Beckoning      Tloc           100%       N/A       0%          2
c - Vhi's Electric Charg  Tloc/Air       100%       N/A       0%          3
d - Teleport Other        Tloc           82%        N/A       0%          3
e - Manifold Assault      Tloc           82%        N/A       0%          4
f - Beastly Appendage     Tmut           100%       N/A       0%          1
g - Passwall              Tmut/Erth      68%        N/A       0%          2
h - Mephitic Cloud        Conj/Pois/Air  82%        N/A       0%          3
i - Kindle Blastsparks    Fire/Tloc/Air  100%       2d18      0%          3
j - Animate Dead          Necr           82%        N/A       0%          4
k - Irradiate             Conj/Tmut      41%        3d25      0%          5
l - Summon Cactus Giant   Summ           41%        N/A       0%          6
m - Dispersal             Tloc           41%        N/A       0%          6
n - Spellforged Servitor  Conj/Summ      41%        N/A       1%          7
o - Monstrous Menagerie   Summ           41%        N/A       1%          7
p - Ignition              Fire           41%        3d12      1%          8
q - Chain Lightning       Conj/Air       41%        3d54      2%          9
r - Shatter               Erth           41%        3d32*     2%          9
Your spell library was empty.

Dungeon Overview and Level Annotations

Branches:
Dungeon (1/1)

Altars:
Makhleb

Annotations:
D The Captor, The Servant


Innate Abilities, Weirdness & Mutations

You are immune to sickness and miasma.
You are immune to poison.
Your flesh is very heat resistant. (rF++)
You are vulnerable to cold. (rC-)
You float through the air rather than walking.
You learn spells naturally, not from books.
Your magical power is your life essence.
You have superior vitality. (+4 MHP)


Message History

The accursed is engulfed in blazing flames.
The accursed casts a spell at you. Something smites you!
The Servant hits you from afar with a +9 glaive of flaming!!!!
The Servant burns you.
Unknown command.
You slice the destroyer!!
You slaughter the destroyer joyfully.
You destroy the destroyer!
Makhleb accepts your kill.
You feel better.
The meat beast appears out of thin air!
A meat beast comes into view.
You are engulfed in blazing flames.
You resist.
A meat berserker comes into view. It is wielding a +9 battleaxe.
You hear a shout! x3
The meat berserker rages.
The meat berserker is engulfed in blazing flames.
You hear a shout!
Unknown command.
The meat beast shouts!
You slice the meat berserker!!
You fatally mangle the meat berserker.
You kill the meat berserker!
Makhleb accepts your kill.
You feel better.
You are engulfed in blazing flames.
You resist.
The meat berserker rages.
You hear a shout!
The accursed is engulfed in blazing flames.
The accursed casts a spell at you. Something smites you!
The Servant hits you from afar with a +9 glaive of flaming!!!!
* * * LOW HITPOINT WARNING * * *
The Servant burns you!
* * * LOW HITPOINT WARNING * * *
You hear a shout! x2
A bag of meat comes into view. It is wielding a +9 war axe.
A large bag of meat comes into view. It is wielding a +9 giant spiked club.
You hear a shout!
The meat berserker rages.
You hear a shout! x2
The meat berserker hits you with a +9 battleaxe!!!
You die...

.. ..... #. O....#
...... #.. ....# ....o.
.###.. ...###..oooo
......###......2oo..
......._.o@....OO...
.....#....)#Moo....#.#.
....#_.<)_#§)OO..o...o
....#....)#§@§§o.#.#.#
.O....._..§M§°§.O.....
......###§.@§L§.o.#.#o
.###..).).L###.OM.....
..#..).§..#.§).......
..#..)W)..#LX).......
.....V).....LO§X........
......☼....)☼.XX§#...#..
..........§§§X§§#....# .


You could see 3 accurseds, a meat beast (fast), 2 tyrants, The Servant, a large
bag of meat (inner flame), a dread, 6 meat berserkers, The Captor and 12 bags of
meat.

Vanquished Creatures
  13 vampire knights (D)
  23 ogres (D)
  9 two-headed ogres (D)
  3 liches (D)
  51 orcs (D)
  6 skeletal warriors (D)
105 creatures vanquished.

Notes
Turn   | Place    | Note
-------+----------+-------------------------------------------
     0 | D        | Found the +∞ Axe of Woe
     0 | D        | BigDaddyOpFi the Djinni Warper began the quest for the Orb.
     0 | D        | BigDaddyOpFi set off with the following spells memorised:
                  | Blink, Lesser Beckoning, Vhi's Electric Charge, Teleport
                  | Other, Manifold Assault.
     0 | D        | Reached XP level 1. HP: 18/18 MP: 0/0
     0 | D        | Noticed a meat berserker
     1 | D        | Noticed a bag of meat
     2 | D        | Noticed a bag of meat
     3 | D        | Became a worshipper of Makhleb the Destroyer
     4 | D        | Noticed a bag of meat
     6 | D        | Killed a meat berserker
     6 | D        | Noticed a bag of meat
     7 | D        | Reached skill level 10 in Fighting
     7 | D        | Reached skill level 10 in Armour
     7 | D        | Reached skill level 10 in Unarmed Combat
     7 | D        | Reached skill level 10 in Invocations
     7 | D        | Reached XP level 2. HP: 36/36 MP: 0/0
     7 | D        | Reached XP level 3. HP: 41/41 MP: 0/0
     7 | D        | Learned a level 1 spell: Beastly Appendage
     7 | D        | Reached XP level 4. HP: 47/47 MP: 0/0
     7 | D        | Reached XP level 5. HP: 52/52 MP: 0/0
     7 | D        | Learned a level 2 spell: Passwall
     7 | D        | Reached XP level 6. HP: 58/58 MP: 0/0
     7 | D        | Reached XP level 7. HP: 64/64 MP: 0/0
     7 | D        | Learned a level 3 spell: Mephitic Cloud
     7 | D        | Reached XP level 8. HP: 69/69 MP: 0/0
     7 | D        | Reached XP level 9. HP: 75/75 MP: 0/0
     7 | D        | Learned a level 3 spell: Kindle Blastsparks
     7 | D        | Reached XP level 10. HP: 81/81 MP: 0/0
     7 | D        | Reached XP level 11. HP: 86/86 MP: 0/0
     7 | D        | Learned a level 4 spell: Animate Dead
     7 | D        | Reached XP level 12. HP: 92/92 MP: 0/0
     8 | D        | Killed a bag of meat
     8 | D        | Reached * piety under Makhleb
     8 | D        | Noticed a bag of meat
     9 | D        | Reached skill level 10 in Stealth
     9 | D        | Reached XP level 13. HP: 67/99 MP: 0/0
     9 | D        | Learned a level 5 spell: Irradiate
     9 | D        | Killed a bag of meat
     9 | D        | Killed a bag of meat
    10 | D        | Reached skill level 10 in Axes
    10 | D        | Reached skill level 10 in Throwing
    10 | D        | Reached skill level 10 in Spellcasting
    10 | D        | Reached XP level 14. HP: 93/108 MP: 0/0
    10 | D        | Killed a bag of meat
    10 | D        | Reached ** piety under Makhleb
    10 | D        | Noticed a meat berserker
    11 | D        | Noticed a bag of meat
    11 | D        | Noticed a bag of meat
    11 | D        | Noticed a bag of meat
    11 | D        | Noticed a large bag of meat
    11 | D        | Killed a bag of meat
    11 | D        | Noticed a bag of meat
    11 | D        | Noticed a bag of meat
    11 | D        | Noticed a bag of meat
    11 | D        | Noticed a meat berserker
    11 | D        | Noticed a meat berserker
    12 | D        | Reached skill level 15 in Dodging
    12 | D        | Noticed a meat berserker
    12 | D        | Noticed a bag of meat
    12 | D        | Noticed a bag of meat
    12 | D        | Noticed a bag of meat
    12 | D        | Noticed a bag of meat
    12 | D        | Noticed a bag of meat
    12 | D        | Noticed a bag of meat
    12 | D        | Noticed a bag of meat
    12 | D        | Noticed a bag of meat
    12 | D        | Noticed a meat berserker
    12 | D        | Noticed a bag of meat
    12 | D        | Killed a bag of meat
    12 | D        | Killed a bag of meat
    12 | D        | Reached *** piety under Makhleb
    12 | D        | Noticed a bag of meat
    12 | D        | Noticed a bag of meat
    12 | D        | Noticed a bag of meat
    13 | D        | Reached XP level 15. HP: 115/118 MP: 0/0
    13 | D        | Learned a level 6 spell: Summon Cactus Giant
    13 | D        | Killed a meat berserker
    13 | D        | Reached **** piety under Makhleb
    14 | D        | Reached XP level 16. HP: 56/128 MP: 0/0
    14 | D        | Killed a meat berserker
    14 | D        | Killed a large bag of meat
    15 | D        | Reached skill level 15 in Axes
    15 | D        | Reached skill level 15 in Throwing
    15 | D        | Reached XP level 17. HP: 123/138 MP: 0/0
    15 | D        | Learned a level 6 spell: Dispersal
    15 | D        | Killed a meat berserker
    15 | D        | Reached ***** piety under Makhleb
    15 | D        | Noticed a destroyer
    15 | D        | Noticed a meat berserker
    16 | D        | Reached skill level 15 in Spellcasting
    16 | D        | Reached XP level 18. HP: 141/148 MP: 0/0
    17 | D        | Killed a meat berserker
    18 | D        | Reached XP level 19. HP: 102/157 MP: 0/0
    18 | D        | Learned a level 7 spell: Spellforged Servitor
    18 | D        | Killed a meat berserker
    18 | D        | Reached ****** piety under Makhleb
    19 | D        | Killed a meat berserker
    20 | D        | Reached XP level 20. HP: 164/169 MP: 0/0
    20 | D        | Noticed a large bag of meat
    21 | D        | Noticed a destroyer
    23 | D        | Reached XP level 21. HP: 167/179 MP: 0/0
    23 | D        | Learned a level 7 spell: Monstrous Menagerie
    23 | D        | Noticed a destroyer
    23 | D        | Killed a large bag of meat
    23 | D        | Killed a destroyer
    23 | D        | Noticed a destroyer
    24 | D        | Reached skill level 27 in Dodging
    24 | D        | Killed a destroyer
    24 | D        | Killed a destroyer
    24 | D        | Noticed a large bag of meat
    25 | D        | Reached XP level 22. HP: 186/192 MP: 0/0
    26 | D        | Noticed a large bag of meat
    26 | D        | Killed a large bag of meat
    26 | D        | Noticed a meat berserker
    27 | D        | Reached skill level 27 in Fighting
    27 | D        | Reached skill level 27 in Armour
    27 | D        | Reached skill level 27 in Unarmed Combat
    27 | D        | Reached skill level 27 in Invocations
    27 | D        | Noticed a meat berserker
    27 | D        | Killed a destroyer
    27 | D        | Noticed a meat berserker
    28 | D        | Noticed a destroyer
    29 | D        | Noticed a destroyer
    29 | D        | Noticed a meat berserker
    29 | D        | Noticed a large bag of meat
    30 | D        | Reached XP level 23. HP: 201/201 MP: 0/0
    30 | D        | Learned a level 8 spell: Ignition
    31 | D        | Reached skill level 27 in Stealth
    31 | D        | Noticed a large bag of meat
    32 | D        | Noticed a destroyer
    32 | D        | Noticed a destroyer
    32 | D        | Noticed a large bag of meat
    32 | D        | Killed a destroyer
    33 | D        | Reached skill level 27 in Axes
    33 | D        | Reached skill level 27 in Throwing
    33 | D        | Reached skill level 27 in Spellcasting
    33 | D        | Killed a destroyer
    34 | D        | Reached XP level 24. HP: 208/208 MP: 0/0
    34 | D        | Killed a destroyer
    36 | D        | Noticed a destroyer
    37 | D        | Killed a large bag of meat
    38 | D        | Reached XP level 25. HP: 198/214 MP: 0/0
    38 | D        | Learned a level 9 spell: Chain Lightning
    38 | D        | Noticed a destroyer
    39 | D        | Killed a large bag of meat
    39 | D        | Killed a destroyer
    40 | D        | Killed a destroyer
    41 | D        | Reached skill level 27 in Maces & Flails
    41 | D        | Reached skill level 27 in Polearms
    41 | D        | Reached XP level 26. HP: 221/221 MP: 0/0
    41 | D        | Noticed a tyrant
    41 | D        | Killed a large bag of meat
    42 | D        | Noticed a destroyer
    44 | D        | Reached skill level 27 in Staves
    44 | D        | Reached skill level 5 in Short Blades
    44 | D        | Reached skill level 5 in Long Blades
    44 | D        | Reached skill level 5 in Shields
    44 | D        | Reached skill level 5 in Evocations
    45 | D        | Noticed a tyrant
    47 | D        | Noticed a large bag of meat
    47 | D        | Noticed a large bag of meat
    47 | D        | Noticed a tyrant
    47 | D        | Noticed The Servant
    47 | D        | Noticed an accursed
    48 | D        | Reached skill level 10 in Shields
    48 | D        | Reached skill level 10 in Evocations
    48 | D        | Noticed a destroyer
    48 | D        | Killed a destroyer
    48 | D        | Noticed an accursed
    49 | D        | Reached XP level 27. HP: 214/228 MP: 0/0
    49 | D        | Learned a level 9 spell: Shatter
    49 | D        | Noticed an accursed
    49 | D        | Noticed a destroyer
    50 | D        | Reached skill level 15 in Shields
    50 | D        | Reached skill level 15 in Evocations
    50 | D        | Noticed a tyrant
    50 | D        | Killed a destroyer
    53 | D        | Noticed a tyrant
    54 | D        | Killed a tyrant
    55 | D        | Killed a tyrant
    55 | D        | Killed a large bag of meat
    55 | D        | Killed a large bag of meat
    56 | D        | Killed a destroyer
    57 | D        | Reached skill level 27 in Short Blades
    57 | D        | Reached skill level 27 in Long Blades
    57 | D        | Reached skill level 27 in Shields
    57 | D        | Reached skill level 27 in Evocations
    57 | D        | Killed a large bag of meat
    57 | D        | Noticed The Captor
    58 | D        | Reached skill level 27 in Ranged Weapons
    58 | D        | Killed a tyrant
    60 | D        | Noticed a dread
    60 | D        | Killed a destroyer
    61 | D        | Noticed a meat beast
    61 | D        | Noticed a large bag of meat
    61 | D        | Annihilated by a meat berserker

Illustrated notes

Levels and vault maps discovered:
D:        meatsprint

Skill      XL: |  1  2  3  4  5  6  7  8  9 10 11 12 13 14 15 16 17 18 19 20 21 22 23 24 25 26 27 |
---------------+----------------------------------------------------------------------------------+-----
Fighting       | 10 11 12 14 16 17 19 20 22 24 26 27 | 27.0
Axes           | 8 9 10 12 13 15 16 17 19 20 22 24 27 | 27.0
Throwing       | 8 9 10 12 13 15 16 17 19 20 22 24 27 | 27.0
Armour         | 10 11 12 14 16 17 18 20 22 24 26 27 | 27.0
Dodging        | 11 12 13 15 17 19 20 22 24 25 27 | 27.0
Stealth        | 9 10 11 13 14 16 17 19 21 22 24 26 27 | 27.0
Unarmed Combat | 10 11 12 14 16 18 19 20 22 24 26 27 | 27.0
Spellcasting   | 8 9 10 11 12 14 15 16 18 19 21 22 27 | 27.0
Invocations    | 10 11 12 14 16 17 18 20 22 23 26 27 | 27.0
Maces & Flails | 14 23 27 | 27.0
Polearms       | 14 23 27 | 27.0
Staves         | 21 27 | 27.0
Short Blades   | 13 27 | 27.0
Long Blades    | 13 27 | 27.0
Ranged Weapons | 12 27 | 27.0
Shields        | 14 27 | 27.0
Evocations     | 14 27 | 27.0

Action                     |  1- 3 |  4- 6 |  7- 9 | 10-12 | 13-15 | 16-18 | 19-21 | 22-24 | 25-27 || total
---------------------------+-------+-------+-------+-------+-------+-------+-------+-------+-------++-------
  Melee: Executioner's axe |     1 |       |       |     1 |     5 |     4 |     7 |    12 |    22 ||    52
   Cast: Vhi's Electric Ch |       |       |       |       |     2 |       |       |     5 |     3 ||    10
  Dodge: Dodged            |       |       |       |       |       |       |       |       |     1 ||     1

Table legend: (Time is in decaauts)
 A = Elapsed time spent in this place.
 B = Non-inter-level travel time spent in this place.
 C = Inter-level travel time spent in this place.
 D = Time resting spent in this place.
 E = Time spent auto-exploring this place.
 F = Levels seen in this place.
 G = Mean time per level.
                   A        B        C        D        E       F      G
               +--------+--------+--------+--------+--------+-----+--------+
         Total |     56 |     56 |      0 |      0 |      0 |   1 |   56.0 |
       Dungeon |     56 |     56 |      0 |      0 |      0 |   1 |   56.0 |
               +--------+--------+--------+--------+--------+-----+--------+

Top non-repeatable levels by time:
       D: 56 daAuts
